 Dungeon Crawl Stone Soup version 0.30.0-29-ga12c61a403 (webtiles) character file.

Game seed: 2042538472371315968

123 ANNNA the Chiller (level 4, -7/31 (35) HPs)
             Began as a Draconian Ice Elementalist on June 25, 2023.
             Mangled by Edmund
             ... wielding a +0 dire flail of draining
              (9 damage)
             ... on level 4 of the Dungeon.
             The game lasted 00:07:12 (2648 turns).

ANNNA the Chiller (Draconian Ice Elementalist)      Turns: 2648, Time: 00:07:13

HP:   -7/31 (35)    AC:  5    Str: 12    XL:     4   Next: 80%
MP:   7/7           EV: 12    Int: 21    God:
Gold: 189           SH:  0    Dex: 12    Spells: 1/8 levels left

rFire   . . .        r - +2 dagger (venom)
rCold   . . .        (no shield)
rNeg    . . .        (body armour unavailable)
rPois   .            s - +0 hat
rElec   .            (no cloak)
rCorr   .            (no gloves)
SInv    .            (no boots)
Will    .....        (no amulet)
Stlth   ++           p - +6 ring of intelligence
HPRegen 0.25/turn    (no ring)
MPRegen 0.10/turn

%: no passive effects
@: about to teleport, heavily drained
A: AC +5, unfitting armour, cold-blooded
a: no special abilities


You were on level 4 of the Dungeon.
You visited 1 branch of the dungeon, and saw 4 of its levels.

You collected 189 gold pieces.

Inventory:

Hand Weapons
 r - a +2 dagger of venom (weapon)
Missiles
 l - 18 stones (quivered)
 o - 6 curare-tipped darts
 u - 6 poisoned darts
Armour
 s - a +0 hat (worn)
Jewellery
 p - a +6 ring of intelligence (left hand)
Scrolls
 c - a scroll of enchant armour {unknown}
 d - a scroll of teleportation
 e - a scroll of magic mapping {unknown}
 h - a scroll of blinking {unknown}
 j - a scroll of poison {unknown}
 k - a scroll of acquirement {unknown}
 t - a scroll of vulnerability {unknown}
Potions
 a - a potion of magic
 b - a potion of flight {unknown}
 f - 4 potions of lignification {unknown}
 g - a potion of heal wounds {unknown}
 i - a potion of brilliance {unknown}
 m - 3 potions of curing {unknown}
 n - a potion of degeneration {unknown}
 q - a potion of berserk rage {unknown}
 v - a potion of haste {unknown}
 w - a potion of attraction {unknown}


   Skills:
 + Level 1.0 Fighting
 + Level 1.0 Short Blades
 + Level 0.7 Polearms
 + Level 2.1 Dodging
 * Level 2.4 Stealth
 * Level 2.6 Spellcasting
 + Level 4.6 Ice Magic
 * Level 1.4 Evocations


You had one spell level left.
You knew the following spells:

 Your Spells              Type           Power      Damage    Failure   Level
a - Freeze                Ice            88%        1d9       1%          1
b - Frozen Ramparts       Ice            44%        1d7       6%          3
c - Ozocubu's Armour      Ice            22%        N/A       6%          3

Your spell library contained the following spells:

 Spells                   Type           Power      Damage    Failure   Level
 Summon Ice Beast         Ice/Summ       12%        N/A       47%         4
 Blade Hands              Tmut           1%         N/A       98%         5
 Iron Shot                Conj/Erth      1%         9d1       100%        6
 Animate Armour           Summ/Erth      Unusable   N/A       N/A         4

Dungeon Overview and Level Annotations

Branches:
Dungeon (4/15)
 Temple: D:4-7

Altars:

Annotations:
D:4 Blork the orc, Edmund


Innate Abilities, Weirdness & Mutations

Your plain brown scales are hard. (AC +5)
You cannot fit into any form of body armour.
You are cold-blooded and may be slowed by cold attacks.


Message History

The goblin closely misses you.
You hit the goblin.
You kill the goblin!
You closely miss the quokka. The quokka closely misses you.
You hit the quokka.
You tail-slap the quokka, but do no damage.
The quokka is severely wounded.
The quokka bites you but does no damage.
You closely miss the quokka. Your punch misses the quokka.
The quokka is severely wounded.
The quokka bites you but does no damage.
You hit the quokka.
You kill the quokka!
You see here a quokka corpse.
l - 18 stones (gained 4)
Things that are here:
a +0 whip; a kobold corpse
Found a stone staircase leading down.
A hound comes into view.
Found a potion of magic.
Blork the orc comes into view.
He is wielding a +0 battleaxe.
Blork the orc screams, "I'll eat your brain!
And then I'll vomit it back up!"
Blork the orc points at you and mumbles some strange words.
The puff of flame hits you!
Blork the orc points at you and mumbles some strange words.
The puff of flame hits you.
Blork the orc casts a cantrip, but nothing happens.
Edmund hits you with a +0 dire flail of draining!
You feel drained.
Edmund hits you with a +0 dire flail of draining!
* * * LOW HITPOINT WARNING * * *
You feel drained.
* * * LOW HITPOINT WARNING * * *
There is a stone staircase leading up, spattered with blood here.
Unknown command.
As you read the scroll of teleportation, it crumbles to dust.
You feel strangely unstable. Edmund misses you.
Edmund attacks as you move away!
Edmund hits you with a +0 dire flail of draining!
You die...

.8.......### #......###.#.
......>....####...........
.#...........#............
#...........).....†..[....
#..........†...##.)......
####...........###........
#...###...##..##..........
.....#.###.#..###@........
#...#...#...#.#o@.†.#.....
#####...#.o.#..†..........
#...#...#...##............
.....#.###.##.............
#...###...##..............
.###.#.....#..............
#...#...#.....#........)
#...#####...#####....#
#...#...#...# ..#


You could see Edmund and Blork the orc.

Vanquished Creatures
  An orc wizard (D:3)
  2 adders (D:4)
  3 worms
  5 orcs (D:3)
  4 endoplasms (D:3)
  3 giant cockroaches
  8 goblins
  5 hobgoblins
  8 jackals
  4 quokkas
  2 ball pythons (D:2)
  4 bats
  A frilled lizard (D:1)
  6 kobolds
  6 rats
62 creatures vanquished.

Notes
Turn   | Place    | Note
-------+----------+-------------------------------------------
     0 | D:1      | ANNNA the Draconian Ice Elementalist began the quest for
                  | the Orb.
     0 | D:1      | Reached XP level 1. HP: 14/14 MP: 3/3
   161 | D:1      | Reached XP level 2. HP: 14/20 MP: 0/5
   395 | D:1      | Found a faded altar of an unknown god.
  1007 | D:2      | Reached XP level 3. HP: 26/26 MP: 6/6
  1218 | D:2      | Reached skill level 1 in Evocations
  1311 | D:1      | Learned a level 3 spell: Frozen Ramparts
  1823 | D:3      | Reached XP level 4. HP: 24/34 MP: 3/7
  2329 | D:3      | Learned a level 3 spell: Ozocubu's Armour
  2376 | D:4      | Noticed Edmund
  2457 | D:4      | Reached skill level 1 in Fighting
  2457 | D:4      | Reached skill level 1 in Short Blades
  2597 | D:4      | Noticed Blork the orc
  2645 | D:4      | HP: 1/31 [Edmund/+0 dire flail of draining (5)]
  2648 | D:4      | Mangled by Edmund

Illustrated notes

Levels and vault maps discovered:
D:1:      wheals_arrival_shading, layout_rooms,
          shapermc_ecumenical_altar_mp_ritualfount
D:2:      layout_basic
D:3:      layout_loops_ring
D:4:      nicolae_cairo_tiling, layout_cave_pools, kennysheep_little_box,
          minmay_temple_entry_statues_pillars, nicolae_underground_beach,
          uniq_edmund, uniq_blork_the_orc

Skill      XL: |  1  2  3  4 |
---------------+-------------+-----
Stealth        | 2 |  2.4
Evocations     | 1 |  1.4
Dodging        | 2 |  2.1
Fighting       | 1 |  1.0
Short Blades   | 1 |  1.0
Polearms       | |  0.7
Spellcasting   | |  2.6
Ice Magic      | |  4.6

Action                     |  1- 3 |  4- 6 || total
---------------------------+-------+-------++-------
  Melee: Dagger            |   159 |    34 ||   193
         Tailslap          |    13 |     5 ||    18
         Unarmed           |     1 |       ||     1
         Punch             |     1 |       ||     1
   Cast: Freeze            |    20 |     8 ||    28
         Frozen Ramparts   |     2 |       ||     2
    Use: Scroll            |     1 |     1 ||     2
   Stab: Sleeping          |     2 |     1 ||     3
 Armour: Skin              |    46 |    13 ||    59
  Dodge: Dodged            |   119 |    16 ||   135
